 Dungeon Crawl Stone Soup version 0.27-a0-1595-g0b823d0a13 (webtiles) character file.

Game seed: 15033374432420629452

59 Sin92 the Skirmisher (level 3, -1/30 HPs)
             Began as a Demonspawn Fighter on July 20, 2021.
             Slain by Sigmund (7 damage)
             ... on level 2 of the Dungeon.
             The game lasted 00:01:51 (866 turns).

Sin92 the Skirmisher (Demonspawn Fighter)            Turns: 866, Time: 00:01:52

Health: -1/30      AC:  6    Str: 17    XL:     3   Next: 78%
Magic:  3/3        EV:  7    Int:  9    God:
Gold:   62         SH:  0    Dex: 12    Spells: 2/2 levels left

rFire    . . .     SeeInvis .   a - +0 war axe
rCold    . . .     Faith    .   c - +0 kite shield
rNeg     . . .     Spirit   .   b - +0 scale mail
rPois    .         Reflect  .   (no helmet)
rElec    .         Harm     .   (no cloak)
rCorr    .         Rampage  .   (no gloves)
Will     .....                  (no boots)
Stlth    ..........             (no amulet)
HPRegen  0.10/turn              (no ring)
MPRegen  0.08/turn              (no ring)

@: confused, mighty
A: claws 1, powered by death 1
a: no special abilities


You were on level 2 of the Dungeon.
You visited 1 branch of the dungeon, and saw 2 of its levels.

You collected 62 gold pieces.

Inventory:

Hand Weapons
 a - a +0 war axe (weapon)
Armour
 b - a +0 scale mail (worn)
 c - a +0 kite shield (worn)
Jewellery
 g - a ring of protection from fire
Scrolls
 f - a scroll of vulnerability {unknown}
 h - 3 scrolls of identify {unknown}
 i - a scroll of brand weapon {unknown}
 j - a scroll of enchant weapon {unknown}
 k - a scroll of teleportation {unknown}
 l - a scroll of immolation {unknown}


   Skills:
 + Level 3.7 Fighting
 + Level 2.2 Axes
 + Level 3.1 Armour
 + Level 0.3 Dodging
 + Level 3.1 Shields


You had 2 spell levels left.
You didn't know any spells.
Your spell library was empty.

Dungeon Overview and Level Annotations

Branches:
Dungeon (2/15)

Altars:

Annotations:
D:2 Sigmund


Innate Abilities, Weirdness & Mutations

You have sharp fingernails.
You regenerate a little health from kills.


Message History

* * * LOW HITPOINT WARNING * * *
Unknown command.
Sigmund is nearby!
You are too injured to fight recklessly!
Unknown command.
It was a potion of heal wounds.
You feel much better.
Sigmund hits you with a +1 scythe of protection.
You feel very mighty all of a sudden. Sigmund closely misses you.
You slash Sigmund!
Sigmund is moderately wounded.
Sigmund casts a spell at you.
You are confused.
Sigmund hits you from afar with a +1 scythe of protection!
You see here a scroll labelled WELIUV XAELIVA.
You are too confused!
Sigmund hits you with a +1 scythe of protection.
You're too confused to move!
Sigmund hits you but does no damage.
You hit Sigmund.
Sigmund is heavily wounded.
Sigmund closely misses you. Sigmund casts a spell at you.
The puff of flame misses you.
You bump into the rock wall.
Sigmund points at you and mumbles some strange words.
You are more confused.
You bump into the rock wall.
Sigmund's eyes start glowing with a red light.
Sigmund points at you and mumbles some strange words.
The magic dart hits you.
Sigmund flickers, as though insubstantial.
Sigmund hits you from afar with a +1 scythe of protection.
* * * LOW HITPOINT WARNING * * *
You see here a scroll labelled WELIUV XAELIVA.
You're too confused to move!
Sigmund hits you but does no damage. Sigmund gestures at you while chanting.
You are more confused.
You bump into the rock wall.
Sigmund hits you with a +1 scythe of protection!
You die...

##... #.##..........
#[... #(............
# #...##..#..........
#. #†#.###........#
#.####...####.......#
#...........##.####.#
####.######..........
#?## #........#. #@.#
#........#. ##@#
#.....>..#. ...
##.##.##### ###.#
#.##.>..##
..#.#####.##
.#...###.#. # #
#..##... #..###.##...
#.......)..


You could see Sigmund.

Vanquished Creatures
  4 dart slugs
  3 endoplasms
  3 giant cockroaches
  4 hobgoblins
  7 jackals (D:1)
  7 kobolds
  2 ball pythons
  4 bats
  6 frilled lizards (D:1)
  3 goblins
  6 rats
49 creatures vanquished.

Notes
Turn   | Place    | Note
-------+----------+-------------------------------------------
     0 | D:1      | Sin92 the Demonspawn Fighter began the quest for the Orb.
     0 | D:1      | Reached XP level 1. HP: 18/18 MP: 1/1
   191 | D:1      | Gained mutation: You regenerate a little health from kills.
                  | [demonic ancestry]
   191 | D:1      | Reached XP level 2. HP: 21/24 MP: 2/2
   354 | D:1      | Gained mutation: You have sharp fingernails. [demonic
                  | ancestry]
   354 | D:1      | Reached XP level 3. HP: 29/29 MP: 3/3
   849 | D:2      | Noticed Sigmund
   866 | D:2      | Slain by Sigmund

Illustrated notes

Levels and vault maps discovered:
D:1:      psy_arrival_whirlpool, layout_loops_ring, minmay_tall_x
D:2:      layout_rooms, ebering_ecumenical_altar_mist, serial_forest,
          infiniplex_forest_lined_2, infiniplex_forest_clump_diagonal,
          infiniplex_forest_lined_3_way, infiniplex_forest_fountain,
          minmay_hexomino_f4, uniq_sigmund, uniq_jessica

Skill      XL: |  1  2 |
---------------+-------+-----
Armour         | 3 |  3.1
Shields        | 3 |  3.1
Axes           | 2 |  2.2
Fighting       | |  3.7
Dodging        | |  0.3

Action                   || total
-------------------------++-------
Melee: War axe           ||   137
  Use: Potion            ||     2
Armor: Scale mail        ||    88
Dodge: Dodged            ||    56
Block: Kite shield       ||    72

Table legend: (Time is in decaauts)
 A = Elapsed time spent in this place.
 B = Non-inter-level travel time spent in this place.
 C = Inter-level travel time spent in this place.
 D = Time resting spent in this place.
 E = Time spent auto-exploring this place.
 F = Levels seen in this place.
 G = Mean time per level.
                   A        B        C        D        E       F      G
               +--------+--------+--------+--------+--------+-----+--------+
         Total |    954 |    926 |     28 |      0 |    590 |   2 |  477.0 |
       Dungeon |    954 |    926 |     28 |      0 |    590 |   2 |  477.0 |
               +--------+--------+--------+--------+--------+-----+--------+

Top non-repeatable levels by time:
     D:1: 820 daAuts
     D:2: 134 daAuts
